AoeStats
← VIT Liereyy

Arabian Desert

509095289Analyzed
1v1 RM · 7d ago on Sep 25, 2026· 52m 22s· 2 players
Game mode
Random Map
Map size
Tiny (2 player)
Population
200
Speed
Normal
Resources
Standard
Victory
Conquest
Starting age
Dark Age
Ending age
Imperial Age
RankedLock teamsTeams togetherTeam positionsShared explorationLock speedFull tech treeHidden civsTurbo modeCheats
Victory
Defeat
🇦🇹 Mongols · Austria
2965
+14
🇳🇴 Maya · Norway
2928
-14
TAG_MbL_
0:25 Loom
8:22 Feudal Age
9:57 Double-Bit Axe
10:52 Horse Collar
18:00 Wheelbarrow
20:45 Castle Age
19:34 Padded Archer Armor
19:53 Scale Mail Armor
20:19 Fletching
21:53 Bow Saw
21:45 Crossbowman
23:18 Bodkin Arrow
30:31 Imperial Age
29:47 Ballistics
30:32 Arbalester
31:17 Bracer
35:04 Chemistry
41:21 Thumb Ring
46:14 Leather Archer Armor
VIT Liereyy
8:06 Feudal Age
7:04 Loom
8:33 Double-Bit Axe
11:48 Horse Collar
14:30 Loom
17:25 Fletching
20:10 Castle Age
19:10 Bloodlines
19:27 Scale Barding Armor
21:02 Bow Saw
20:47 Bodkin Arrow
23:12 Town Watch
24:14 Husbandry
24:56 Padded Archer Armor
24:38 Elite Skirmisher
26:42 Chain Barding Armor
32:08 Forging
34:48 Wheelbarrow
38:27 Imperial Age
37:11 Iron Casting
37:58 Hand Cart
38:02 Guard Tower
39:32 Conscription
39:15 Elite Steppe Lancer
40:19 Scale Mail Armor
41:24 Blast Furnace
41:39 Light Cavalry
42:47 Bracer
44:14 Chemistry
44:10 Leather Archer Armor
44:07 Hussar
45:42 Ballistics
49:14 Onager
50:56 Drill
52:36 Siege Engineers
Connection lost

Rejoining the realm…

Still unreachable

The connection could not be restored.

Session expired

The server has moved on; the page needs a fresh start.